 Dungeon Crawl Stone Soup version 0.23.2-1-ga50397a6bc (webtiles) character file.

Game seed: 1792532379063610591

375 ApatheticPlayer the Firebug (level 6, -3/45 HPs)
             Began as a Draconian Fire Elementalist on May 17, 2019.
             Slain by Pikel
             ... wielding a +2 whip of freezing
              (6 damage)
             ... on level 4 of the Dungeon.
             The game lasted 00:23:54 (3682 turns).

ApatheticPlayer the Firebug (DrFE)                  Turns: 3682, Time: 00:23:55

Health: -3/45      AC:  6    Str: 10    XL:     6   Next: 44%
Magic:  2/9        EV: 12    Int: 17    God:
Gold:   108        SH:  0    Dex: 12    Spells: 3/9 levels left

rFire    . . .     SeeInvis .   i - +1 whip (venom)
rCold    . . .     Gourm    .   (no shield)
rNeg     . . .     Faith    .   (armour unavailable)
rPois    .         Spirit   .   (helmet restricted)
rElec    .         Reflect  .   (no cloak)
rCorr    .         Harm     .   (no gloves)
MR       .....                  (no boots)
Stlth    ++........             (no amulet)
HPRegen  0.15/turn              (no ring)
MPRegen  0.11/turn              (no ring)

@: slowed, very slow
A: unfitting armour, cold-blooded, AC +6
a: no special abilities


You were on level 4 of the Dungeon.
You were hungry.

You visited 1 branch of the dungeon, and saw 4 of its levels.

You collected 108 gold pieces.

Inventory:

Hand Weapons
 i - a +1 whip of venom (weapon)
Wands
 o - a wand of polymorph (6)
 q - a wand of enslavement (10)
Scrolls
 a - 4 scrolls of remove curse
 c - 2 scrolls of enchant weapon
 d - a scroll of identify
 h - a scroll of immolation
 k - a scroll of teleportation
 l - 2 scrolls of blinking
 n - a scroll of fog
 p - a scroll of amnesia {unknown}
Potions
 e - a potion of flight
 g - 3 potions of curing
 j - a potion of lignification
 m - a potion of might
 r - a potion of haste {unknown}
Comestibles
 b - 7 rations
 f - a chunk of flesh


   Skills:
 - Level 1.7 Dodging
 - Level 1.7 Stealth
 - Level 2.0 Spellcasting
 - Level 1.0 Conjurations
 * Level 7.3 Fire Magic


You had 3 spell levels left.
You knew the following spells:

 Your Spells              Type           Power        Failure   Level  Hunger
a - Flame Tongue          Conj/Fire      ###..        3%          1    #......
b - Throw Flame           Conj/Fire      ###...       5%          2    ###....
c - Conjure Flame         Conj/Fire      ###.....     11%         3    ###....

Your spell library contained the following spells:

 Spells                   Type           Power        Failure   Level  Hunger
 Inner Flame              Hex/Fire       ##......     13%         3    ###....
 Sticky Flame             Conj/Fire      ###.....     34%         4    #####..
 Fireball                 Conj/Fire      ###.......   67%         5    ######.


Dungeon Overview and Level Annotations

Branches:
Dungeon (4/15)
 Temple: D:4-7

Altars:

Annotations:
D:4 Pikel


Innate Abilities, Weirdness & Mutations

Your plain brown scales are hard. (AC +6)
You cannot fit into any form of body armour.
You are cold-blooded and may be slowed by cold attacks.


Message History

Confirm with . or Enter, or press ? or * to list all spells.
Aiming: Throw Flame (safe; 5% risk of failure)
Press: ? - help, Shift-Dir - straight line, f/p - Pikel
Aim: Pikel, wielding a +2 whip of freezing, wearing a +0 robe and carrying a wand of iceblast (5) (lightly wounded)
The puff of flame hits Pikel.
Pikel is moderately wounded.
The slave shouts!
The slave hits you.
Pikel hits you with a +2 whip of freezing.
You feel as though you will be slow longer.
Pikel freezes you. The slave hits you. The slave hits you!
* * * LOW HITPOINT WARNING * * *
Pikel hits you with a +2 whip of freezing.
* * * LOW HITPOINT WARNING * * *
You feel as though you will be slow longer.
Pikel freezes you.
* * * LOW HITPOINT WARNING * * *
The slave barely misses you.
Pikel hits you with a +2 whip of freezing.
You die...

##.#.# #....##
###..>..##
#.#......##
##.##..<....
###......รท....
######.##..........
#>.................
#.@p...<.....##.##.
#..K....#.....##...
##.#p..##..........
#..##p..#..........
#....p.............
##.....####........
####...#..........
#..............
#...#.......#....


You could see Pikel and 4 slaves.

Vanquished Creatures
  Grinder (D:3)
  Ijyb (D:3)
  An iguana (D:4)
  Terence (D:3)
  Robin (D:3)
  An adder (D:4)
  3 worms
  2 dart slugs
  2 leopard geckos
  6 orcs (D:3)
  A giant cockroach (D:2)
  12 goblins
  5 hobgoblins
  5 jackals
  3 kobolds
  3 quokkas
  2 ball pythons
  7 bats
  3 frilled lizards
  4 rats
64 creatures vanquished.

Notes
Turn   | Place    | Note
-------+----------+-------------------------------------------
     0 | D:1      | ApatheticPlayer the Draconian Fire Elementalist began the
                  | quest for the Orb.
     0 | D:1      | Reached XP level 1. HP: 14/14 MP: 3/3
   250 | D:1      | Reached XP level 2. HP: 20/20 MP: 1/5
   297 | D:1      | Learned a level 2 spell: Throw Flame
  1033 | D:2      | Reached skill level 4 in Fire Magic
  1285 | D:2      | Reached XP level 3. HP: 26/26 MP: 2/6
  1983 | D:3      | Noticed Grinder
  1985 | D:3      | Paralysed by Grinder for 2 turns
  1993 | D:3      | Killed Grinder
  1993 | D:3      | Reached skill level 6 in Fire Magic
  1993 | D:3      | Reached XP level 4. HP: 26/33 MP: 0/7
  1993 | D:3      | Reached XP level 5. HP: 30/38 MP: 0/8
  2344 | D:3      | Noticed Robin
  2658 | D:3      | Reached XP level 6. HP: 20/45 MP: 3/9
  2661 | D:3      | Killed Robin
  2934 | D:3      | Noticed Terence
  2941 | D:3      | Killed Terence
  2941 | D:3      | Reached skill level 7 in Fire Magic
  2950 | D:3      | Learned a level 3 spell: Conjure Flame
  3355 | D:3      | Noticed Ijyb
  3393 | D:3      | Killed Ijyb
  3661 | D:4      | Noticed a slave
  3661 | D:4      | Noticed a slave
  3662 | D:4      | Noticed Pikel
  3663 | D:4      | Noticed a slave
  3675 | D:4      | Noticed a slave
  3680 | D:4      | HP: 2/45 [Pikel/+2 whip of freezing (1)]
  3682 | D:4      | Slain by Pikel

Skill      XL: |  1  2  3  4  5  6 |
---------------+-------------------+-----
Fire Magic     | 4 6 7 |  7.3
Dodging        | |  1.7
Stealth        | |  1.7
Spellcasting   | |  2.0
Conjurations   | |  1.0

Action                   |  1- 3 |  4- 6 || total
-------------------------+-------+-------++-------
Melee: Unarmed           |     7 |     5 ||    12
       Whip              |    16 |    38 ||    54
       Tailslap          |     1 |     4 ||     5
 Cast: Flame Tongue      |    25 |     5 ||    30
       Throw Flame       |    24 |    51 ||    75
  Use: Scroll            |     5 |     5 ||    10
       Potion            |     2 |     2 ||     4
 Stab: Confused          |       |     1 ||     1
  Eat: Chunk             |     3 |     4 ||     7
       Ration            |     1 |     1 ||     2
Armor: Skin              |     7 |    15 ||    22
Dodge: Dodged            |    20 |    22 ||    42
